 Dungeon Crawl Stone Soup version 0.19.5 (webtiles) character file.

5443 siprus the Schismatic (level 10, -1/71 HPs)
             Began as a Demonspawn Abyssal Knight on May 14, 2017.
             Was an Elder of Lugonu.
             Slain by a polar bear (2 damage)
             ... in an ice cave.
             The game lasted 00:25:43 (6084 turns).

siprus the Schismatic (Demonspawn Abyssal Knight)   Turns: 6084, Time: 00:25:45

Health: -1/71      AC: 15    Str: 19    XL:     10   Next: 41%
Magic:  0/18       EV: 19    Int: 18    God:    Lugonu [****..]
Gold:   672        SH:  0    Dex: 24    Spells: 0 memorised, 9 levels left

rFire  + + .     SeeInvis .     O - +2 whip of the Land of Plenty {slash, rF++ MR+} (curse)
rCold  + + +     Gourm    .     D - +3 scale mail of Nufib {rC+ Int+3 Slay+2}
rNeg   . . .     Faith    .     (no shield)
rPois  .         Spirit   +     (helmet restricted)
rElec  .         Reflect  .     Z - +2 cloak {MR+}
rCorr  .         Harm     .     M - +0 pair of gloves
MR     ++...                    (no boots)
Stlth  +++.......               V - amulet of guardian spirit
                                o - ring of protection from cold
                                F - ring of Xupp {rC+ Int+2}

@: mighty, agile, about to teleport
A: horns 2, thin skeletal structure 2, powered by death 2, powered by pain 1
a: Depart the Abyss, Bend Space, Banish, Corrupt, Renounce Religion


You were in an ice cave.
You worshipped Lugonu.
Lugonu was greatly pleased with you.
You were not hungry.

You visited 3 branches of the dungeon, and saw 10 of its levels.
You visited the Abyss 1 time.
You also visited: Sewer, Ossuary and Ice Cave.

You collected 762 gold pieces.
You spent 90 gold pieces at shops.

Inventory:

Hand Weapons
 h - a +1 flail of distortion
 v - a +0 whip of venom
 O - the cursed +2 whip of the Land of Plenty (weapon) {slash, rF++ MR+}
   (You found it on level 7 of the Dungeon)

   It inflicts extra damage upon your enemies.
   It greatly protects you from fire.
   It affects your resistance to hostile enchantments.
   It has a curse placed upon it.
Armour
 D - the +3 scale mail of Nufib (worn) {rC+ Int+3 Slay+2}
   (You found it on level 4 of the Dungeon)

   It affects your intelligence (+3).
   It affects your accuracy and damage with ranged weapons and melee attacks
   (+2).
   It protects you from cold.
 M - a +0 pair of gloves (worn)
 Z - a +2 cloak of magic resistance (worn)
Jewellery
 d - an uncursed ring of protection from magic
 o - a ring of protection from cold (right hand)
 w - an uncursed ring of protection from cold
 F - the ring of Xupp (left hand) {rC+ Int+2}
   (You found it on level 4 of the Dungeon)

   [ring of protection from cold]

   It affects your intelligence (+2).
   It protects you from cold.
 H - an uncursed ring of protection from magic
 P - an uncursed ring of stealth {unknown}
 V - an amulet of guardian spirit (around neck)
 W - an uncursed ring of ice {unknown}
Wands
 a - a wand of paralysis (17/24)
 b - a wand of disintegration (8/24)
 I - a wand of acid (4/15)
 L - a wand of digging (9/24)
 R - a wand of flame (21/48)
 T - a wand of iceblast (8/15)
 Y - a wand of iceblast (4/15)
Scrolls
 g - 2 scrolls of enchant armour
 i - 2 scrolls of recharging
 n - a scroll of identify
 p - a scroll of teleportation
 s - 5 scrolls of remove curse
 y - 2 scrolls of magic mapping
 B - a scroll of fear {unknown}
 J - 6 scrolls of amnesia {unknown}
 Q - a scroll of fog
 U - a scroll of blinking {unknown}
 X - a scroll of noise {unknown}
Potions
 e - 9 potions of curing
 f - 4 potions of degeneration
 j - a potion of brilliance {unknown}
 l - 2 potions of resistance
 r - a potion of ambrosia {unknown}
 t - 2 potions of haste
 u - 3 potions of invisibility
 x - 3 potions of berserk rage {unknown}
 z - 4 potions of lignification {unknown}
 A - a potion of cure mutation {unknown}
 C - a potion of flight {unknown}
 E - 6 potions of might {unknown}
 G - 8 potions of mutation {unknown}
 K - a potion of magic {unknown}
 S - 5 potions of agility {unknown}
Books
 q - a book of Changes

   Spells                             Type                      Level
   a - Beastly Appendage              Transmutation                1
   b - Sticks to Snakes               Transmutation                2
   c - Spider Form                    Transmutation/Poison         3
   d - Ice Form                       Ice/Transmutation            4
   e - Blade Hands                    Transmutation                5
 N - a book of Debilitation

   Spells                             Type                      Level
   a - Corona                         Hexes                        1
   b - Slow                           Hexes                        2
   c - Gell's Gravitas                Hexes/Translocation          3
   d - Inner Flame                    Hexes/Fire                   3
   e - Cause Fear                     Hexes                        4
   f - Leda's Liquefaction            Hexes/Earth                  4
Comestibles
 c - 7 bread rations
 k - 3 meat rations


   Skills:
 + Level 3.7 Fighting
 * Level 8.5 Maces & Flails
 + Level 5.9 Armour
 + Level 5.5 Dodging
 * Level 11.7 Invocations


You had 9 spell levels left.
You didn't know any spells.

Dungeon Overview and Level Annotations

Branches:
Dungeon (8/15)             Temple (1/1) D:6            Lair (1/6) D:8

Altars:
Ashenzari
Cheibriados
Dithmenos
Elyvilon
Gozag
Hepliaklqana
Kikubaaqudgha
Makhleb
Nemelex Xobeh
Okawaru
Qazlal
Ru
Sif Muna
Trog
Uskayaw
Vehumet
Xom
Yredelemnul
Zin
The Shining One

Shops:
D:8 =


Innate Abilities, Weirdness & Mutations

You have a pair of horns on your head.
You have a moderately thin skeletal structure. (Dex +4, Stealth+)
You regenerate health from kills.
You sometimes gain a little power by taking damage.


Message History

The polar bear claws you but does no damage.
You hit the polar bear but do no damage.
You headbutt the polar bear, but do no damage.
The polar bear is almost dead.
The polar bear bites you!!
* * * LOW HITPOINT WARNING * * *
You focus on the pain.
You feel very mighty all of a sudden. The polar bear barely misses you.
The polar bear claws you but does no damage.
You hit the polar bear.
You kill the polar bear!
Lugonu accepts your kill.
As you read the scroll of teleportation, it crumbles to dust.
You feel strangely unstable.
The polar bear bites you but does no damage.
The polar bear claws you.
* * * LOW HITPOINT WARNING * * *
The polar bear claws you.
You die...

######## . ##....#.# #.
##...#..(. ...#
#..####§.# #...## ####
#.÷###..## #...####.h##
##...##§§## #Yh.#..#@##
##...##§§§##
###.Y..#.§##
#...####.§.#
####.#§§§#####.#.####§.
##.##§§§##.#)## ##.
#######§...## ## ######
#


You could see a polar bear.

Vanquished Creatures
  A black mamba (Lair:1)
  Maurice (D:8)
  An ice statue (IceCv)
  3 polar bears (IceCv)
  Prince Ribbit (D:5)
  2 hippogriffs
  3 yaks (IceCv)
  Grum (D:8)
  Menkaure (D:7)
  Purgy (Sewer)
  2 ice beasts (D:5)
  A black bear (D:7)
  A sky beast (D:7)
  9 wolves
  A bullfrog (D:6)
  A scorpion (D:7)
  4 wights (D:6)
  A crimson imp (D:6)
  3 bullfrog skeletons
  4 orc wizards
  An orc priest (D:8)
  2 centaur skeletons
  An iguana (D:8)
  Terence (D:2)
  4 worker ants
  A hound skeleton (D:7)
  8 mummies (Ossuary)
  4 gnolls
  11 adders
  A river rat (D:5)
  An adder skeleton (D:8)
  3 worms
  2 leopard geckos
  9 orcs
  2 ball pythons
  A giant cockroach (D:2)
  2 gnoll zombies (Ossuary)
  9 goblins
  4 hobgoblins
  7 jackals
  11 kobolds
  2 quokkas (D:4)
  5 bats
  7 frilled lizards
  A hobgoblin zombie (Ossuary)
  3 kobold zombies (Ossuary)
  2 orc zombies (Ossuary)
  A quokka zombie (D:6)
  5 rats
153 creatures vanquished.

Vanquished Creatures (others)
  A hippogriff (D:7)
  A yak (IceCv)
  The ghost of seiak the Covered, an amateur HuFi of Nemelex Xobeh (D:6)
  An ogre (D:6)
  A wolf (D:8)
  A big kobold (D:7)
  A wight (D:6)
  A quokka (D:7)
8 creatures vanquished.

Grand Total: 161 creatures vanquished

Notes
Turn   | Place    | Note
-------+----------+-------------------------------------------
     0 | Abyss:1  | siprus the Demonspawn Abyssal Knight began the quest for the Orb.
     0 | Abyss:1  | Reached XP level 1. HP: 18/18 MP: 2/2
    37 | Abyss:1  | Noticed a fire giant skeleton
    45 | D:1      | Escaped the Abyss
    98 | D:1      | Reached skill level 3 in Invocations
    98 | D:1      | Gained mutation: You regenerate a little health from kills. [demonic ancestry]
    98 | D:1      | Reached XP level 2. HP: 5/24 MP: 2/4
   400 | D:1      | Gained mutation: You sometimes gain a little power by taking damage. [demonic ancestry]
   400 | D:1      | Reached XP level 3. HP: 13/29 MP: 5/5
   700 | D:2      | Reached ** piety under Lugonu
  1054 | D:2      | Found a snail-covered altar of Cheibriados.
  1161 | D:4      | Noticed a phantom
  1210 | D:2      | Noticed Terence
  1223 | D:2      | Killed Terence
  1223 | D:2      | Reached skill level 4 in Invocations
  1223 | D:2      | Reached XP level 4. HP: 3/35 MP: 5/7
  1247 | D:2      | Found a sacrificial altar of Ru.
  1835 | D:4      | Gained mutation: You have a somewhat thin skeletal structure. (Dex +2, Stealth) [demonic ancestry]
  1835 | D:4      | Reached XP level 5. HP: 30/41 MP: 8/8
  1848 | D:4      | Got a slimy scale mail
  1859 | D:4      | Identified the +3 scale mail of Nufib {rC+ Int+3 Slay+2} (You found it on level 4 of the Dungeon)
  1930 | D:4      | Got a steaming tin ring
  1938 | D:5      | Entered Level 5 of the Dungeon
  1960 | D:4      | Noticed a hippogriff
  1976 | D:4      | Killed a hippogriff
  1976 | D:4      | Reached skill level 5 in Invocations
  1976 | D:4      | Gained mutation: You have a pair of small horns on your head. [demonic ancestry]
  1976 | D:4      | Reached XP level 6. HP: 14/47 MP: 8/10
  2085 | D:4      | Reached skill level 1 in Dodging
  2311 | D:5      | Identified the ring of Xupp {rC+ Int+2} (You found it on level 4 of the Dungeon)
  2329 | D:5      | Noticed an ice beast
  2344 | D:5      | Killed an ice beast
  2344 | D:5      | Reached skill level 6 in Invocations
  2393 | D:5      | Found a glowing drain.
  2394 | D:5      | Reached *** piety under Lugonu
  2400 | D:5      | Gained mutation: You regenerate health from kills. [demonic ancestry]
  2400 | D:5      | Reached XP level 7. HP: 45/52 MP: 11/11
  2407 | Sewer    | Entered a sewer
  2423 | Sewer    | Noticed Purgy
  2432 | Sewer    | Killed Purgy
  2599 | D:5      | Noticed Prince Ribbit
  2613 | D:5      | Killed Prince Ribbit
  2613 | D:5      | Reached skill level 5 in Maces & Flails
  2613 | D:5      | Reached skill level 7 in Invocations
  3073 | D:6      | Noticed seiak's ghost (amateur HuFi)
  3075 | D:6      | Banished seiak's ghost
  3075 | D:6      | Reached XP level 8. HP: 58/58 MP: 13/13
  3216 | D:6      | Found a sand-covered staircase.
  3225 | Ossuary  | Entered an ossuary
  3268 | Ossuary  | Reached skill level 8 in Invocations
  3698 | D:6      | Found a staircase to the Ecumenical Temple.
  3732 | Temple   | Entered the Ecumenical Temple
  4148 | D:6      | Found a deep blue altar of Sif Muna.
  4156 | D:6      | Found an ancient bone altar of Kikubaaqudgha.
  4162 | D:6      | Reached skill level 9 in Invocations
  4165 | D:6      | Found a radiant altar of Vehumet.
  4284 | D:7      | Noticed Menkaure
  4328 | D:7      | Killed Menkaure
  4330 | D:7      | Noticed a hippogriff
  4357 | D:7      | Gained mutation: You have a moderately thin skeletal structure. (Dex +4, Stealth+) [demonic ancestry]
  4357 | D:7      | Reached XP level 9. HP: 29/63 MP: 14/16
  4383 | D:7      | Got a brightly glowing whip
  4489 | D:8      | Found Isad Bifra's Jewellery Shop.
  4844 | D:7      | Reached skill level 10 in Invocations
  4949 | D:8      | Got a warped leather armour
  4971 | D:8      | Identified the +1 leather armour "Veerghuam" {MR+ Int+3 Stlth+} (You found it on level 8 of the Dungeon)
  4989 | D:8      | Noticed Maurice
  4995 | D:8      | Noticed Grum
  5003 | D:8      | Killed Grum
  5003 | D:8      | Reached **** piety under Lugonu
  5003 | D:8      | Reached skill level 5 in Armour
  5099 | D:8      | Identified the cursed +2 whip of the Land of Plenty {slash, rF++ MR+} (You found it on level 7 of the Dungeon)
  5187 | D:8      | Found Zin's Purification Station.
  5189 | D:8      | Found a glowing silver altar of Zin.
  5228 | D:8      | Bought a potion of curing for 90 gold pieces
  5376 | D:8      | Killed Maurice
  5520 | D:8      | Found a staircase to the Lair.
  5525 | Lair:1   | Entered Level 1 of the Lair of Beasts
  5525 | Lair:1   | Noticed a black mamba
  5544 | Lair:1   | Killed a black mamba
  5544 | Lair:1   | Reached skill level 11 in Invocations
  5549 | Lair:1   | Found a frozen archway.
  5558 | IceCv    | Entered an ice cave
  5583 | IceCv    | Reached skill level 5 in Dodging
  5589 | IceCv    | Gained mutation: You have a pair of horns on your head. [demonic ancestry]
  5589 | IceCv    | Reached XP level 10. HP: 61/70 MP: 15/18
  5683 | IceCv    | Noticed an ice statue
  5737 | IceCv    | Killed an ice statue
  6082 | IceCv    | HP: 2/70 [polar bear (17)]
  6084 | IceCv    | Slain by a polar bear

Skill      XL: |  1  2  3  4  5  6  7  8  9 |
---------------+----------------------------+-----
Maces & Flails | 2 3 4 5 6 8 |  8.5
Invocations    | 3 4 5 6 7 9 11 | 11.7
Armour         | 2 3 4 5 |  5.9
Dodging        | 1 2 3 5 |  5.5
Fighting       | |  3.7

Action                   |  1- 3 |  4- 6 |  7- 9 | 10-12 || total
-------------------------+-------+-------+-------+-------++-------
Melee: Mace              |   120 |       |       |       ||   120
       Whip              |     6 |   121 |   232 |   110 ||   469
       Headbutt          |       |     8 |    68 |    37 ||   113
       Flail             |       |       |   117 |       ||   117
Invok: Banish            |       |       |     6 |       ||     6
Evoke: Wand              |       |       |     1 |     1 ||     2
  Use: Scroll            |     3 |     5 |     5 |     5 ||    18
       Potion            |       |       |       |     2 ||     2
 Stab: Sleeping          |     1 |       |       |       ||     1
       Distracted        |       |       |       |     1 ||     1
  Eat: Chunk             |     1 |     4 |    10 |     1 ||    16
       Pizza             |       |       |     2 |       ||     2
Armor: Leather armour    |    49 |     1 |       |       ||    50
       Chain mail        |       |    28 |       |       ||    28
       Scale mail        |       |    29 |   130 |    71 ||   230
Dodge: Dodged            |   120 |    40 |   172 |    97 ||   429
